 Dungeon Crawl Stone Soup version 0.25-a0-322-g3677130cb1 (webtiles) character file.

Game seed: 14796879577741865196, levelgen mode: deterministic

1834 wullow the Shield-Bearer (level 9, -3/68 HPs)
             Began as a Human Fighter on Dec 27, 2019.
             Was a Follower of Okawaru.
             Killed by nerve-wracking pain
             ... invoked by Menkaure
              (11 damage)
             ... on level 6 of the Dungeon.
             The game lasted 00:17:16 (6010 turns).

wullow the Shield-Bearer (Human Fighter)            Turns: 6010, Time: 00:17:16

Health: -3/68      AC: 12    Str: 18    XL:     9   Next: 33%
Magic:  10/10      EV:  8    Int: 11    God:    Okawaru [*.....]
Gold:   285        SH: 11    Dex: 12    Spells: 8/8 levels left

rFire    + . .     SeeInvis .   n - +2 dagger (elec)
rCold    + . .     Gourm    .   c - +1 shield
rNeg     . . .     Faith    .   y - +2 ring mail {rF+}
rPois    .         Spirit   .   (no helmet)
rElec    .         Reflect  .   (no cloak)
rCorr    .         Harm     .   (no gloves)
MR       .....                  (no boots)
Stlth    +.........             (no amulet)
HPRegen  0.21/turn              d - +4 ring of protection
MPRegen  0.12/turn              A - ring of protection from cold

@: lightly drained
A: no striking features
a: Heroism, Renounce Religion


You were on level 6 of the Dungeon.
You worshipped Okawaru.
Okawaru was aware of your devotion.
You were not hungry.

You visited 2 branches of the dungeon, and saw 7 of its levels.
You also visited: Sewer.

You collected 285 gold pieces.

Inventory:

Hand Weapons
 a - a +0 rapier
 h - a +0 hunting sling
 n - a +2 dagger of electrocution (weapon)
 q - a +2 whip of freezing
 r - a +0 falchion
 u - a +2 short sword of distortion
 E - a +0 hunting sling
Missiles
 g - 197 stones
 o - 31 poisoned darts (quivered)
 P - 4 javelins
Armour
 b - a +0 scale mail
 c - a +1 shield (worn)
 x - a +1 ring mail of cold resistance
 y - a +2 ring mail of fire resistance (worn)
 H - a cursed -2 plate armour
Jewellery
 d - a +4 ring of protection (left hand)
 e - an uncursed ring of magical power
 k - an uncursed ring of ice
 A - a ring of protection from cold (right hand)
Wands
 F - a wand of random effects (18)
 L - a wand of flame (14)
Scrolls
 i - 3 scrolls of identify
 l - 2 scrolls of enchant armour
 m - 2 scrolls of remove curse
 s - a scroll of magic mapping {unknown}
 t - 3 scrolls of enchant weapon {unknown}
 v - a scroll of noise {unknown}
 D - 2 scrolls of fog {unknown}
 G - 3 scrolls of amnesia {unknown}
 O - a scroll of fear {unknown}
Potions
 j - 4 potions of curing
 p - a potion of agility
 w - a potion of haste
 z - 2 potions of flight
 B - a potion of resistance
 C - a potion of brilliance
 J - a potion of lignification {unknown}
 K - a potion of magic {unknown}
 M - a potion of degeneration {unknown}
 N - a potion of might
Comestibles
 f - 11 rations
 I - 2 chunks of flesh


   Skills:
 + Level 5.5 Fighting
 * Level 6.7 Short Blades
 + Level 5.4 Armour
 * Level 7.2 Shields
 + Level 1.5 Invocations


You had 8 spell levels left.
You didn't know any spells.
Your spell library was empty.

Dungeon Overview and Level Annotations

Branches:
Dungeon (6/15)             Temple (1/1) D:4           Sewer (visited)

Altars:
Ashenzari
Dithmenos
Elyvilon
Fedhas
Gozag
Hepliaklqana
Kikubaaqudgha
Makhleb
Nemelex Xobeh
Okawaru
Ru
Sif Muna
Trog
Uskayaw
Vehumet
Wu Jian
Xom
Yredelemnul
Zin
The Shining One

Annotations:
D:4 exclusion: statue
D:6 Grinder, Menkaure


Message History

Menkaure seems to speed up.
A crimson imp comes into view.
Found an ancient hat.
Menkaure blazes with dark energy!
Menkaure calls on the powers of darkness!
Your body is wracked with pain!
The ogre convulses!
Menkaure rustles, "From dust you came, to dust you will return."
Menkaure calls on the powers of darkness!
The ogre convulses!
Your body is wracked with pain!
* * * LOW HITPOINT WARNING * * *
Menkaure calls on the powers of darkness!
Your body is wracked with pain!
* * * LOW HITPOINT WARNING * * *
The ogre convulses!
Menkaure calls on the powers of darkness!
The ogre convulses!
Your body is wracked with pain!
* * * LOW HITPOINT WARNING * * *
Menkaure gestures at you while chanting.
Pain shoots through your body!
You die...

########### . #.##..#....<
#..)).....# #.#.....#.###.
#...))....# #.....#.#.#...
########....# #......<#(#.##
.....# #....# ###...#.#.#)#...
<....# #....######...#.#...#)####
.....# #...............###.#....#
.....# #..............>......##.#
.....# #...>O...@......#####.##.#
.....######..............#...#...
..w........M..........(..(..รท..##
..###..........................#
.. #.................(........# .#
#....................(.....# #
#...........#####.)........#
############# ############


You could see an ogre and Menkaure.

Vanquished Creatures
  Pikel (D:3)
  Sigmund (D:3)
  Edmund (D:4)
  Duvessa (D:5)
  3 ogres
  2 centaurs
  Blork the orc (D:4)
  A big kobold (Sewer)
  Dowan (D:5)
  A crimson imp (D:6)
  A howler monkey (D:6)
  An iguana (D:4)
  2 worker ants (D:4)
  A hound skeleton (D:6)
  3 gnolls (D:6)
  7 adders
  2 river rats
  A shadow imp (D:5)
  An ooze (D:2)
  An adder skeleton (D:5)
  7 worms
  3 dart slugs
  4 leopard geckos
  16 orcs
  13 bats
  A giant cockroach (D:1)
  11 goblins
  8 hobgoblins
  7 jackals
  A quokka (D:6)
  2 ball pythons
  6 frilled lizards
  15 kobolds
  A quokka skeleton (D:6)
  12 rats
140 creatures vanquished.

Vanquished Creatures (others)
  2 slaves (D:4)
  2 iguanas (D:4)
  A river rat (D:4)
  A ball python (D:4)
  A giant cockroach (D:4)
7 creatures vanquished.

Grand Total: 147 creatures vanquished

Notes
Turn   | Place    | Note
-------+----------+-------------------------------------------
     0 | D:1      | wullow the Human Fighter began the quest for the Orb.
     0 | D:1      | Reached XP level 1. HP: 18/18 MP: 1/1
   108 | D:1      | Reached XP level 2. HP: 24/24 MP: 2/2
   593 | D:1      | Reached XP level 3. HP: 28/29 MP: 3/3
  1303 | D:2      | Reached XP level 4. HP: 35/35 MP: 4/4
  1864 | D:3      | Reached XP level 5. HP: 39/41 MP: 5/5
  1891 | D:3      | Noticed Sigmund
  1899 | D:3      | Reached skill level 4 in Shields
  1942 | D:3      | HP: 1/41 [something (4)]
  1943 | D:3      | Killed Sigmund
  1943 | D:3      | Reached XP level 6. HP: 2/48 MP: 6/6
  1952 | D:3      | Found a hide-covered altar of Uskayaw.
  2309 | D:3      | Found a glowing golden altar of the Shining One.
  3035 | D:4      | Noticed Pikel
  3035 | D:4      | Noticed a slave
  3035 | D:4      | Noticed a slave
  3035 | D:4      | Noticed a slave
  3035 | D:4      | Noticed a slave
  3042 | D:4      | Found a radiant altar of Vehumet.
  3104 | D:3      | Killed Pikel
  3104 | D:3      | Reached skill level 5 in Short Blades
  3104 | D:3      | Reached skill level 5 in Shields
  3104 | D:3      | Reached XP level 7. HP: 13/55 MP: 7/7
  3104 | D:3      | Reached XP level 8. HP: 14/61 MP: 8/8
  3342 | D:4      | Found a glowing drain.
  3342 | D:4      | Noticed Edmund
  3351 | D:4      | Killed Edmund
  3364 | D:4      | Reached skill level 6 in Shields
  3446 | Sewer    | Entered a sewer
  3739 | Sewer    | Found a glowing silver altar of Zin.
  3809 | D:4      | Found a staircase to the Ecumenical Temple.
  3818 | Temple   | Entered the Ecumenical Temple
  3877 | Temple   | Became a worshipper of Warmaster Okawaru
  4034 | D:4      | Noticed Blork the orc
  4045 | D:4      | Killed Blork the orc
  4157 | D:4      | Reached skill level 5 in Fighting
  4563 | D:5      | Entered Level 5 of the Dungeon
  4658 | D:5      | Found an ornate altar of the Wu Jian Council.
  4684 | D:5      | Reached skill level 5 in Armour
  5058 | D:5      | Noticed Duvessa
  5058 | D:5      | Noticed Dowan
  5068 | D:5      | Killed Duvessa
  5068 | D:5      | Reached XP level 9. HP: 61/68 MP: 9/9
  5082 | D:5      | Killed Dowan
  5082 | D:5      | Reached * piety under Okawaru
  5398 | D:6      | Found a blossoming altar of Fedhas.
  5398 | D:6      | Found a basalt altar of Yredelemnul.
  5399 | D:6      | Found a bloodstained altar of Trog.
  5440 | D:6      | Reached skill level 7 in Shields
  5445 | D:6      | Reached skill level 1 in Invocations
  5625 | D:6      | Noticed Grinder
  5637 | D:6      | Paralysed by Grinder for 5 turns
  5667 | D:6      | HP: 3/68 [orc/puff of flame (4)]
  5930 | D:6      | Noticed Menkaure
  6010 | D:6      | Killed from afar by Menkaure

Levels and vault maps discovered:
D:1:      eino_arrival_water_star, layout_basic
D:2:      layout_loops_ring, first_ration
D:3:      layout_loops_ring, nicolae_overflow_crystal_walls, serial_rivers,
          chequers_serial_rivers_room_a, chequers_serial_rivers_small_a,
          chequers_serial_rivers_micro_a, chequers_serial_rivers_small_b,
          tso_altar, uniq_sigmund
D:4:      layout_basic, vehumet_statue, minmay_temple_entry_overgrown,
          portal_sewer_entry_a, minmay_goblin_outpost, uniq_edmund,
          uniq_blork_the_orc, uniq_pikel
D:5:      layout_basic, kennysheep_little_box, item_on_display_a, uniq_duvessa
D:6:      layout_basic, lemuel_coloured_pillars_altar,
          chequers_temple_overflow_statue_of_worship, chequers_arboretum,
          uniq_grinder, uniq_menkaure
Temple:   cyrus_circular_temple

Skill      XL: |  1  2  3  4  5  6  7  8  9 |
---------------+----------------------------+-----
Short Blades   | 3 5 6 |  6.7
Shields        | 4 5 6 7 |  7.2
Fighting       | 4 5 |  5.5
Armour         | 4 5 |  5.4
Invocations    | 1 |  1.5

Action                   |  1- 3 |  4- 6 |  7- 9 || total
-------------------------+-------+-------+-------++-------
Melee: Rapier            |   146 |    30 |       ||   176
       Dagger            |       |   135 |   258 ||   393
Throw: Dart              |       |     2 |    20 ||    22
  Use: Potion            |       |     3 |       ||     3
       Scroll            |       |     5 |     5 ||    10
  Eat: Chunk             |     1 |     6 |    10 ||    17
Armor: Scale mail        |    86 |    61 |    10 ||   157
       Ring mail         |       |       |    77 ||    77
Dodge: Dodged            |    38 |    35 |    54 ||   127
Block: Shield            |    80 |    73 |   101 ||   254

Table legend:
 A = Non-vault XP
 B = Vault XP
 C = Vault XP percentage of total XP
 D = Non-vault monster count
 E = Vault monster count
 F = Vault count percentage of total count
                 A         B        C        D         E       F
            +---------+---------+-------+---------+---------+-------
      Total |    1152 |    1468 |  56.0 |     119 |      21 |  15.0
            +---------+---------+-------+---------+---------+-------
        D:1 |      35 |       0 |   0.0 |      25 |       0 |   0.0
        D:2 |      51 |       0 |   0.0 |      22 |       0 |   0.0
        D:3 |     129 |     846 |  86.8 |      32 |       2 |   5.9
        D:4 |     244 |     278 |  53.3 |      13 |       9 |  40.9
        D:5 |     160 |     229 |  58.9 |      10 |       2 |  16.7
        D:6 |     533 |       0 |   0.0 |      17 |       0 |   0.0
      Sewer |       0 |     115 | 100.0 |       0 |       8 | 100.0
            +---------+---------+-------+---------+---------+-------
